 Dungeon Crawl Stone Soup version 0.21.1-1-g345015f (webtiles) character file.

4491 Monsterracer the Martial Artist (level 10, -1/67 (68) HPs)
             Began as an Octopode Monk on Mar 25, 2018.
             Was a High Priest of Kikubaaqudgha.
             Slain by a troll (13 damage)
             ... on level 9 of the Dungeon.
             The game lasted 00:25:29 (12978 turns).

Monsterracer the Martial Artist (Octopode Monk)    Turns: 12978, Time: 00:25:29

HP:   -1/67 (68)    AC:  1    Str: 12    XL:     10   Next: 38%
MP:   0/14          EV: 16    Int: 15    God:    Kikubaaqudgha [*****.]
Gold: 499           SH:  0    Dex: 14    Spells: 4/14 levels left

rFire    . . .     SeeInvis .     - Unarmed
rCold    . . .     Gourm    .   (no shield)
rNeg     . . .     Faith    .   (helmet restricted)
rPois    +         Spirit   +   y - amulet of guardian spirit
rElec    .         Reflect  .   l - ring of resist corrosion {!d}
rCorr    +         Harm     .   e - ring of poison resistance {!d}
MR       .....                  p - ring of stealth
Stlth    +++++.....             (no ring)
HPRegen  0.21/turn              (no ring)
MPRegen  0.14/turn              (no ring)
                                (no ring)
                                (no ring)

@: very slightly contaminated
A: almost no armour, stealthy swim, amphibious, 8 rings, constrict 8, camouflage
1, gelatinous body 1
a: Receive Corpses, Torment, Renounce Religion


You were on level 9 of the Dungeon.
You worshipped Kikubaaqudgha.
Kikubaaqudgha was extremely pleased with you.
You were near starving.

You visited 1 branch of the dungeon, and saw 9 of its levels.

You collected 499 gold pieces.

Inventory:

Armour
 s - a +0 shield
Jewellery
 e - a ring of poison resistance (right tentacle) {!d}
 l - a ring of resist corrosion (left tentacle) {!d}
 p - a ring of stealth (on tentacle)
 y - an amulet of guardian spirit (around mantle)
Wands
 j - a wand of enslavement (4)
 k - a wand of flame (38)
 n - a wand of digging (6)
 q - a wand of polymorph (36)
Scrolls
 b - a scroll of magic mapping {!r}
 f - a scroll of blinking
 g - 4 scrolls of remove curse
 u - a scroll of enchant armour
 v - a scroll of fear {!r}
 x - a scroll of amnesia
Potions
 a - 2 potions of mutation {!q}
 h - 3 potions of flight
 i - 2 potions of agility
 m - a potion of magic
 o - 3 potions of might
 r - 3 potions of brilliance
 z - a potion of haste
Books
 d - Kikubaaqudgha's Tome of Stolen Souls
   (Kikubaaqudgha gifted it to you on level 4 of the Dungeon)

   Spells                             Type                      Level
   a - Bolt of Draining               Conjuration/Necromancy       5
   b - Borgnjor's Vile Clutch         Necromancy/Earth             5
   c - Agony                          Necromancy                   5
   d - Dispel Undead                  Necromancy                   5
   e - Simulacrum                     Ice/Necromancy               6
 t - a book of Battle

   Spells                             Type                      Level
   a - Infusion                       Charms                       1
   b - Shroud of Golubria             Charms/Translocation         2
   c - Song of Slaying                Charms                       2
   d - Spectral Weapon                Hexes/Charms                 3
   e - Regeneration                   Charms/Necromancy            3
Comestibles
 c - 4 rations


   Skills:
 + Level 6.1 Fighting
 + Level 6.2 Dodging
 - Level 5.0 Stealth
 * Level 9.8 Unarmed Combat
 + Level 2.9 Spellcasting
 + Level 2.1 Charms
 * Level 6.4 Necromancy
 + Level 2.0 Evocations


You had 4 spell levels left.
You knew the following spells:

 Your Spells              Type           Power        Failure   Level  Hunger
a - Pain                  Necr           ###.         1%          1    #......
b - Corpse Rot            Necr           N/A          1%          2    ##.....
c - Vampiric Draining     Necr           ###.......   4%          3    ###....
t - Sublimation of Blood  Necr           ###.......   1%          2    ##.....
u - Swiftness             Chrm/Air       #.......     21%         2    ##.....


Dungeon Overview and Level Annotations

Branches:
Dungeon (9/15)             Temple (0/1) D:7            Lair (0/6) D:9
    Orc: D:9-12

Altars:
Ashenzari
Cheibriados
Dithmenos
Fedhas
Hepliaklqana
Kikubaaqudgha
Sif Muna
Trog
The Shining One


Innate Abilities, Weirdness & Mutations

You cannot wear most types of armour.
You are very stealthy in the water. (Stealth+)
You are amphibious.
You can wear up to eight rings at the same time.
You can use your tentacles to constrict eight enemies at once.
Your skin changes colour to match your surroundings (Stealth+).
Your rubbery body absorbs attacks. (AC +1, EV +1)


Message History

Found 21 gold pieces.
Found 17 gold pieces.
Found a stone staircase leading down.
The hungry ghost misses you.
You tentacle-slap the hungry ghost. You squeeze the hungry ghost!
The hungry ghost is moderately damaged.
The hungry ghost closely misses you.
You barely miss the hungry ghost.
The hungry ghost is moderately damaged.
The hungry ghost misses you.
You miss the hungry ghost. Your squeeze misses the hungry ghost.
The hungry ghost is moderately damaged.
The hungry ghost barely misses you.
You closely miss the hungry ghost.
Your tentacle-slap misses the hungry ghost.
The hungry ghost is moderately damaged.
The hungry ghost barely misses you.
You bludgeon the hungry ghost! Your squeeze misses the hungry ghost.
The hungry ghost is severely damaged.
The hungry ghost hits you.
You are near starving!
You take 3 damage, and have 64/67 hp.
You now have 13/14 mp.
You tentacle-slap the hungry ghost.
The hungry ghost is almost destroyed.
You bludgeon the hungry ghost!
You destroy the hungry ghost!
Kikubaaqudgha accepts your kill.
No target in view!
No target in view!
You now have 472 gold pieces (gained 21).
You now have 489 gold pieces (gained 17).
An iguana comes into view.
Health restored: 67; MP restored: 14 An iguana is nearby!
An iguana is nearby!
Found 10 gold pieces.
The helpless iguana fails to defend itself.
You bludgeon the iguana! You grab the iguana.
The iguana is almost dead.
You constrict the iguana. The iguana closely misses you.
You tentacle-slap the iguana.
You kill the iguana!
Kikubaaqudgha accepts your kill.
You can now invoke torment by sacrificing a corpse.
Your Evocations skill increases to level 2!
You now have 499 gold pieces (gained 10).
A troll comes into view.
The troll moves out of view.
The troll is too close now for your liking.
The troll shouts!
You hear a howl!
The troll bites you! The troll barely misses you. The troll misses you.
You take 12 damage, and have 55/67 hp.
You now have 12/14 mp.
You closely miss the troll.
You tentacle-slap the troll but do no damage.
Your squeeze misses the troll. The troll bites you! The troll misses you. x2
You take 7 damage, and have 48/67 hp.
You now have 10/14 mp.
You are too injured to fight recklessly!
You are too injured to fight recklessly!
You are too injured to fight recklessly!
You bludgeon the troll!
The troll is moderately wounded.
The troll closely misses you. The troll misses you.
The troll barely misses you.
A howler monkey comes into view.
You are too injured to fight recklessly!
You bludgeon the troll! You squeeze the troll.
The troll is heavily wounded.
The troll misses you. The troll claws you! The troll claws you.
You are too injured to fight recklessly!
You barely miss the troll.
The troll is heavily wounded.
The troll bites you!!
* * * LOW HITPOINT WARNING * * *
The troll claws you.
* * * LOW HITPOINT WARNING * * *
The troll claws you.
* * * LOW HITPOINT WARNING * * *
You take 29 damage, and have 19/67 hp.
MASSIVE DAMAGE!!
You now have 3/14 mp.
You tentacle-slap the troll.
The troll is heavily wounded.
Unknown command.
You tentacle-slap the troll but do no damage.
Your squeeze misses the troll.
The troll is heavily wounded.
The troll bites you.
* * * LOW HITPOINT WARNING * * *
The troll claws you!
* * * LOW HITPOINT WARNING * * *
The troll closely misses you.
You take 8 damage, and have 11/67 hp.
You now have 2/14 mp.
The howler monkey hoots and howls with incredible vigour!
You hear a shout! x4
Casting: Pain
Confirm with . or Enter, or press ? or * to list all spells.
You miscast Swiftness.
You are very lightly contaminated with residual magic.
You hear a crackling sound.
The troll completely misses you. The troll claws you!
You die...
Kikubaaqudgha rasps: "You have failed me!
Welcome... death!"

........#### #..#
######.....#######.##
#..........#..##
#..####........# ##..#
##.......# #...#
#>##....## #...#
###......## ..
#..#######........##...
#.....##....@T......#...
##............h....#..#..
#..........###......#..#
#..#......## ##......#.
#..#....### ##.....##
##......## ##.....##
#.......# #......#
#......## ##.....##
##..##### ##.....##


You could see a troll and a howler monkey.

Vanquished Creatures
  A two-headed ogre (D:8)
  A wyvern (D:8)
  3 hungry ghosts
  A sky beast (D:8)
  An orc warrior (D:8)
  2 ice beasts
  A necrophage (D:9)
  3 ogres
  2 phantoms
  2 centaurs
  A big kobold (D:7)
  3 bullfrogs
  3 scorpions (D:4)
  3 killer bees
  A vampire bat (D:2)
  2 howler monkeys (D:7)
  A centaur zombie (D:9)
  3 crimson imps
  A bullfrog zombie (D:6)
  A centaur skeleton (D:4)
  A gnoll shaman (D:6)
  4 orc priests
  6 hounds
  Ijyb (D:3)
  2 bullfrog skeletons
  4 iguanas
  9 orc wizards
  Terence (D:3)
  Natasha (thrice) (D:3)
  5 worker ants
  A howler monkey zombie (D:7)
  7 gnolls
  8 river rats (D:5)
  16 adders
  A shadow imp (D:8)
  4 oozes
  3 adder skeletons
  4 worms (D:2)
  3 dart slugs
  2 leopard geckos
  25 orcs
  A ball python (D:3)
  12 bats
  4 bat skeletons (D:2)
  2 bat zombies (D:2)
  5 giant cockroaches
  4 goblins
  4 hobgoblins
  13 jackals
  7 quokkas
  2 frilled lizards
  A jackal zombie (D:6)
  9 kobolds
  A leopard gecko skeleton (D:8)
  A leopard gecko zombie (D:5)
  A quokka zombie (D:5)
  25 rats
238 creatures vanquished.

Vanquished Creatures (others)
  A sky beast (D:7)
  2 kobolds (D:7)
  A quokka (D:7)
4 creatures vanquished.

Grand Total: 242 creatures vanquished

Notes
Turn   | Place    | Note
-------+----------+-------------------------------------------
     0 | D:1      | Monsterracer the Octopode Monk began the quest for the Orb.
     0 | D:1      | Reached XP level 1. HP: 16/16 MP: 1/1
   266 | D:1      | Reached XP level 2. HP: 21/21 MP: 2/2
   493 | D:1      | Reached skill level 4 in Unarmed Combat
   660 | D:2      | Reached XP level 3. HP: 15/26 MP: 3/3
   669 | D:2      | HP: 11/26 [goblin/club (3)]
  1198 | D:2      | Reached XP level 4. HP: 23/31 MP: 4/4
  1401 | D:2      | Reached skill level 5 in Unarmed Combat
  1921 | D:2      | Reached XP level 5. HP: 35/36 MP: 5/5
  1955 | D:2      | Found an ancient bone altar of Kikubaaqudgha.
  2037 | D:2      | Reached skill level 6 in Unarmed Combat
  2466 | D:3      | Noticed Natasha
  2584 | D:3      | HP: 16/36 [Natasha (4)]
  2586 | D:3      | HP: 6/36 [Natasha/magic dart (10)]
  2588 | D:3      | Killed Natasha
  2588 | D:3      | Reached XP level 6. HP: 4/42 MP: 6/6
  2625 | D:3      | Noticed Natasha
  2790 | D:3      | Killed Natasha
  3078 | D:3      | Found a hazy altar of Hepliaklqana.
  3078 | D:3      | Found a blossoming altar of Fedhas.
  3214 | D:2      | Became a worshipper of Kikubaaqudgha
  3214 | D:2      | Reached * piety under Kikubaaqudgha
  3214 | D:2      | Identified Kikubaaqudgha's Papyrus of Stolen Souls (Kikubaaqudgha gifted it to you on level 2 of the Dungeon)
  3214 | D:2      | Received a gift from Kikubaaqudgha
  3214 | D:2      | Reached ** piety under Kikubaaqudgha
  3220 | D:2      | Learned a level 3 spell: Vampiric Draining
  3273 | D:3      | Noticed Natasha
  3282 | D:3      | Killed Natasha
  3377 | D:3      | Learned a level 2 spell: Corpse Rot
  3431 | D:3      | Found a glowing golden altar of the Shining One.
  3586 | D:3      | Noticed Terence
  3599 | D:3      | Killed Terence
  3741 | D:3      | Noticed Ijyb
  3751 | D:3      | Killed Ijyb
  3751 | D:3      | Reached XP level 7. HP: 46/46 MP: 7/7
  4056 | D:4      | Reached skill level 1 in Necromancy
  4082 | D:4      | HP: 23/47 [poisoned by a worker ant]
  4089 | D:4      | HP: 17/47 [poisoned by a worker ant]
  4094 | D:4      | HP: 16/47 [poisoned by a worker ant]
  4101 | D:4      | HP: 15/47 [poisoned by a worker ant]
  4109 | D:4      | HP: 14/47 [poisoned by a worker ant]
  4238 | D:4      | Learned a level 1 spell: Pain
  4374 | D:4      | Reached skill level 7 in Unarmed Combat
  4387 | D:4      | HP: 22/47 [orc wizard/mace (7)]
  4393 | D:4      | HP: 9/47 [orc priest/divine providence (10)]
  4401 | D:4      | HP: 6/47 [hound (4)]
  4479 | D:4      | HP: 12/47 [orc wizard/magic dart (6)]
  4858 | D:4      | Reached XP level 8. HP: 40/54 MP: 8/8
  4881 | D:4      | HP: 27/54 [poisoned by a scorpion]
  4889 | D:4      | HP: 27/54 [poisoned by a scorpion]
  5095 | D:4      | Reached skill level 5 in Stealth
  5397 | D:4      | Reached *** piety under Kikubaaqudgha
  5397 | D:4      | Identified Kikubaaqudgha's Tome of Stolen Souls (Kikubaaqudgha gifted it to you on level 4 of the Dungeon)
  5397 | D:4      | Received a gift from Kikubaaqudgha
  5517 | D:4      | Found a snail-covered altar of Cheibriados.
  5564 | D:5      | Entered Level 5 of the Dungeon
  5639 | D:5      | Found a deep blue altar of Sif Muna.
  5649 | D:5      | HP: 26/54 [ice beast (11)]
  5914 | D:5      | HP: 26/54 [orc wizard/puff of flame (7)]
  5944 | D:5      | HP: 27/54 [jackal (2)]
  6108 | D:5      | Identified Sif Muna's Handbook of Sinister Arts
  6523 | D:5      | HP: 27/54 [iguana (15)]
  6722 | D:5      | Found a bloodstained altar of Trog.
  6750 | D:5      | Reached skill level 8 in Unarmed Combat
  6837 | D:5      | HP: 21/54 [river rat (8)]
  6843 | D:5      | HP: 10/54 [phantom (9)]
  6845 | D:5      | HP: 2/54 [phantom (8)]
  7292 | D:5      | Reached **** piety under Kikubaaqudgha
  7828 | D:6      | HP: 27/54 [gnoll/spear (3)]
  7830 | D:6      | Reached skill level 5 in Dodging
  7833 | D:6      | HP: 17/54 [poisoned by a worker ant]
  7839 | D:6      | HP: 15/54 [poisoned by a worker ant]
  7845 | D:6      | HP: 14/54 [poisoned by a worker ant]
  7853 | D:6      | HP: 14/54 [poisoned by a worker ant]
  8100 | D:6      | Reached skill level 5 in Fighting
  8100 | D:6      | Reached XP level 9. HP: 59/61 MP: 9/9
  8286 | D:6      | HP: 17/61 [ogre/giant club (28)]
  8611 | D:6      | Reached skill level 1 in Spellcasting
  8745 | D:6      | Found a shattered altar of Ashenzari.
  8749 | D:6      | Learned a level 2 spell: Swiftness
  8917 | D:7      | Found a staircase to the Ecumenical Temple.
  8994 | D:7      | Learned a level 2 spell: Sublimation of Blood
  9240 | D:7      | HP: 25/61 [centaur (7)]
  9242 | D:7      | HP: 12/61 [centaur (3)]
  9248 | D:7      | Reached skill level 9 in Unarmed Combat
  9424 | D:7      | Reached skill level 5 in Necromancy
  9776 | D:7      | HP: 15/61 [ogre/giant spiked club (27)]
 10021 | D:8      | Noticed a two-headed ogre
 10274 | D:8      | HP: 30/62 [bullfrog (5)]
 10507 | D:8      | HP: 31/62 [killer bee (3)]
 10870 | D:8      | Killed a two-headed ogre
 10870 | D:8      | Reached skill level 1 in Charms
 10870 | D:8      | Reached skill level 1 in Evocations
 10870 | D:8      | Reached XP level 10. HP: 61/68 MP: 10/14
 11454 | D:8      | Found a shadowy altar of Dithmenos.
 11812 | D:8      | HP: 31/68 [killer bee (6)]
 11813 | D:8      | HP: 11/68 [killer bee (6)]
 11817 | D:8      | HP: 2/68 [killer bee (6)]
 12155 | D:9      | HP: 34/68 [killer bee (5)]
 12161 | D:9      | HP: 31/68 [poisoned by a killer bee]
 12167 | D:9      | HP: 29/68 [poisoned by a killer bee]
 12173 | D:9      | HP: 28/68 [poisoned by a killer bee]
 12181 | D:9      | HP: 28/68 [poisoned by a killer bee]
 12421 | D:9      | HP: 34/68 [hungry ghost (4)]
 12430 | D:9      | HP: 20/68 [necrophage (2)]
 12672 | D:9      | Found a staircase to the Lair.
 12914 | D:9      | Reached ***** piety under Kikubaaqudgha
 12972 | D:9      | HP: 23/67 [troll (17)]
 12974 | D:9      | HP: 11/67 [troll (6)]
 12978 | D:9      | Slain by a troll

Skill      XL: |  1  2  3  4  5  6  7  8  9 10 |
---------------+-------------------------------+-----
Unarmed Combat | 4 5 6 7 8 9 |  9.8
Stealth        | 3 4 5 |  5.0
Necromancy     | 2 4 6 |  6.4
Dodging        | 4 5 6 |  6.2
Fighting       | 4 5 6 |  6.1
Spellcasting   | 2 |  2.9
Charms         | 1 2 |  2.1
Evocations     | 1 2 |  2.0

Action                   |  1- 3 |  4- 6 |  7- 9 | 10-12 || total
-------------------------+-------+-------+-------+-------++-------
Melee: Unarmed           |    49 |   173 |   404 |    87 ||   713
       Constrict         |    14 |    47 |    81 |    10 ||   152
       Tentacles         |     7 |    25 |    80 |    11 ||   123
       Punch             |     3 |     5 |    17 |     4 ||    29
 Cast: Pain              |       |       |    21 |       ||    21
       Corpse Rot        |       |       |     2 |       ||     2
       Swiftness         |       |       |     1 |       ||     1
Evoke: Wand              |       |       |     2 |       ||     2
  Use: Scroll            |       |       |    16 |     1 ||    17
       Potion            |       |       |       |     3 ||     3
 Stab: Sleeping          |     8 |    12 |    12 |     3 ||    35
       Distracted        |       |     3 |     2 |       ||     5
       Invisible         |       |       |       |     1 ||     1
  Eat: Chunk             |     1 |     7 |    17 |     6 ||    31
       Ration            |       |       |     3 |       ||     3
Armor: Skin              |     1 |    16 |     8 |     1 ||    26
Dodge: Dodged            |    16 |   126 |   246 |   100 ||   488

Vault maps used:
D:1:      minmay_arrival_wavy_path
D:2:      kennysheep_vampire_church
D:3:      nicolae_overflow_hidden_temple, gammafunk_temple_overflow_wave,
          first_ration, uniq_ijyb, uniq_natasha, uniq_terence
D:4:      lemuel_coloured_pillars_altar
D:5:      lemuel_ratsnest, kennysheep_little_box, led_sif_book
D:6:      ashenzari_conservatory_becter, lemuel_flamethrower_1
D:7:      minmay_temple_entry_grid, lemuel_old_faithful
D:8:      grunt_dithmenos_shadows
D:9:      lair_entry_dummy
